 Dungeon Crawl Stone Soup version 0.28-a0-724-g66f9036eb4 (webtiles) character file.

Game seed: 12225419527562872197

257 KoroneIsBestGirl the Conjurer (level 6, -4/32 HPs)
             Began as a Gargoyle Conjurer on Oct 26, 2021.
             Killed by divine providence
             ... invoked by an orc priest
              (13 damage)
             ... on level 4 of the Dungeon.
             The game lasted 00:06:21 (3941 turns).

KoroneIsBestGirl the Conjurer (Gargoyle Conjurer)   Turns: 3941, Time: 00:06:22

Health: -4/32      AC:  7    Str: 11    XL:     6   Next: 16%
Magic:  10/11      EV: 11    Int: 20    God:
Gold:   176        SH:  0    Dex:  8    Spells: 7/12 levels left

rFire   . . .      SeeInvis .   j - +2 dagger (elec)
rCold   . . .      Faith    .   e - +0 buckler
rNeg    + . .      Spirit   .   a - +0 robe
rPois   ∞          Reflect  .   (no helmet)
rElec   +          Harm     .   (no cloak)
rCorr   .          Rampage  .   (no gloves)
Will    .....                   m - +0 pair of boots
Stlth   +.........              (no amulet)
HPRegen 0.10/turn               (no ring)
MPRegen 0.12/turn               (no ring)

@: confused
A: sickness immunity, AC +4, negative energy resistance 1, electricity
resistance, torment resistance 1, petrification resistance
a: no special abilities


You were on level 4 of the Dungeon.
You visited 1 branch of the dungeon, and saw 4 of its levels.

You collected 176 gold pieces.

Inventory:

Hand Weapons
 b - a +0 short sword
 c - a +1 dagger of speed
 j - a +2 dagger of electrocution (weapon)
Armour
 a - a +0 robe (worn)
 e - a +0 buckler (worn)
 m - a +0 pair of boots (worn)
Wands
 l - a wand of flame (17)
Scrolls
 f - 3 scrolls of identify {unknown}
 i - 2 scrolls of fear {unknown}
Potions
 d - a potion of heal wounds
 g - 4 potions of curing {unknown}
 h - a potion of haste {unknown}
 k - 2 potions of brilliance


   Skills:
 + Level 3.1 Dodging
 - Level 2.1 Stealth
 + Level 1.3 Shields
 + Level 3.5 Spellcasting
 + Level 5.7 Conjurations


You had 7 spell levels left.
You knew the following spells:

 Your Spells              Type           Power      Damage    Failure   Level
a - Magic Dart            Conj           100%       1d8       1%          1
b - Fulminant Prism       Conj/Hex       7%         3d7       50%         4

Your spell library contained the following spells:

 Spells                   Type           Power      Damage    Failure   Level
 Searing Ray              Conj           52%        2d6       2%          2
 Dazzling Flash           Conj/Hex       30%        N/A       17%         3
 Iskenderun's Mystic Bla  Conj/Tloc      15%        2d5       50%         4


Dungeon Overview and Level Annotations

Branches:
Dungeon (4/15)
 Temple: D:4-7

Altars:
Fedhas
Uskayaw

Shops:
D:2 =**[


Innate Abilities, Weirdness & Mutations

You are immune to sickness and miasma.
Your stone body is resilient. (AC +4)
You are immune to poison.
You resist negative energy. (rN+)
You are resistant to electric shocks. (rElec)
You are resistant to unholy torment.
You are immune to petrification.


Message History

The magic dart hits the centaur skeleton.
The centaur skeleton is moderately damaged.
The magic dart hits the centaur skeleton.
The centaur skeleton is heavily damaged.
The magic dart hits the centaur skeleton!
The centaur skeleton is severely damaged.
The magic dart hits the centaur skeleton.
The centaur skeleton is almost destroyed.
The centaur skeleton hits you but does no damage.
The centaur skeleton kicks you but does no damage.
The magic dart hits the centaur skeleton.
You destroy the centaur skeleton!
No target in view!
You see here an adder corpse.
There are monsters nearby!
There are monsters nearby!
The magic dart hits the orc priest but does no damage.
The orc priest shouts!
The orc wizard shouts!
The orc wizard gestures at you while chanting.
You are confused.
You're too confused to cast spells.
You're too confused to cast spells.
You're too confused to cast spells.
You're too confused to cast spells.
You're too confused to cast spells.
The orc priest calls down the wrath of Beogh upon you.
Beogh smites you!
You're too confused to move!
The orc wizard casts a spell at you. The puff of flame hits you.
You feel less confused.
The orc wizard gestures at you while chanting.
You are confused.
The orc wizard drinks a potion.
The orc wizard's spells are empowered!
The orc wizard casts a spell at you. The puff of flame hits you!
* * * LOW HITPOINT WARNING * * *
The orc priest calls down the wrath of Beogh upon you.
Beogh smites you!
You die...

...............##......##
.......................##
.............####...#...##
...........#####...##..÷.#
.............##..####..#..
.........##......# #..##.
.........####...## #..###
.........## ##..# #..# #
.........@#####.## ##..# #
........o........###...###
.................<##...##.
...o..............##......
.......................###
.......................#
.......................#
.......................#
..#......................##


You could see an orc priest and an orc wizard (empowered).

Vanquished Creatures
  A scorpion (D:4)
  A hound (D:4)
  A centaur skeleton (D:4)
  Ijyb (D:4)
  A hound skeleton (D:4)
  2 adders
  3 dart slugs
  9 orcs
  3 endoplasms
  4 giant cockroaches
  6 goblins
  6 hobgoblins
  5 jackals
  A quokka (D:3)
  8 ball pythons
  5 bats
  2 frilled lizards (D:1)
  11 kobolds
  4 rats
74 creatures vanquished.

Vanquished Creatures (others)
  A fulminant prism (D:4)
1 creature vanquished.

Grand Total: 75 creatures vanquished

Notes
Turn   | Place    | Note
-------+----------+-------------------------------------------
     0 | D:1      | KoroneIsBestGirl the Gargoyle Conjurer began the quest for
                  | the Orb.
     0 | D:1      | Reached XP level 1. HP: 10/10 MP: 3/3
   358 | D:1      | Reached XP level 2. HP: 13/15 MP: 1/5
   378 | D:2      | Found Vametuy's Assorted Antiques.
   451 | D:2      | Found a blossoming altar of Fedhas.
   459 | D:2      | Found Qocix's Assorted Antiques.
   825 | D:1      | Reached XP level 3. HP: 19/19 MP: 3/6
  1469 | D:2      | Found Viutsyps's Jewellery Emporium.
  1858 | D:2      | Found Useres's Armour Boutique.
  1994 | D:3      | Reached skill level 5 in Conjurations
  2078 | D:3      | Reached XP level 4. HP: 24/24 MP: 4/8
  2155 | D:3      | Found a hide-covered altar of Uskayaw.
  2921 | D:4      | Learned a level 4 spell: Fulminant Prism
  2941 | D:4      | Noticed Ijyb
  2965 | D:4      | Killed Ijyb
  2966 | D:4      | Reached XP level 5. HP: 17/28 MP: 1/9
  3709 | D:4      | Reached skill level 1 in Shields
  3832 | D:4      | Reached XP level 6. HP: 32/32 MP: 7/11
  3941 | D:4      | Killed from afar by an orc priest

Illustrated notes

Levels and vault maps discovered:
D:1:      saegor_arrival_under_anarchy, layout_basic
D:2:      layout_rooms, serial_shops, shop,
          nicolae_shop_competitors_out_of_business, shop,
          nicolae_shop_statue_plus, basic_altar
D:3:      layout_rooms, nicolae_uskayaw_suspiria, grunt_ministairs_13
D:4:      layout_layer_cave, nzn_hepliaklqana_mist_gate,
          makhleb_altar_promises_db, uniq_ijyb

Skill      XL: |  1  2  3  4  5 |
---------------+----------------+-----
Dodging        | 2 3 |  3.1
Conjurations   | 5 |  5.7
Spellcasting   | 3 |  3.5
Shields        | 1 |  1.3
Stealth        | |  2.1

Action                   |  1- 3 |  4- 6 || total
-------------------------+-------+-------++-------
Melee: Short sword       |    10 |       ||    10
       Unarmed           |     3 |       ||     3
       Dagger            |     5 |    22 ||    27
 Cast: Magic Dart        |    75 |    89 ||   164
       Fulminant Prism   |       |     1 ||     1
  Use: Scroll            |       |     3 ||     3
       Potion            |       |     3 ||     3
Armor: Robe              |     8 |    12 ||    20
       Skin              |       |     7 ||     7
Dodge: Dodged            |    17 |    18 ||    35

Table legend: (Time is in decaauts)
 A = Elapsed time spent in this place.
 B = Non-inter-level travel time spent in this place.
 C = Inter-level travel time spent in this place.
 D = Time resting spent in this place.
 E = Time spent auto-exploring this place.
 F = Levels seen in this place.
 G = Mean time per level.
                   A        B        C        D        E       F      G
               +--------+--------+--------+--------+--------+-----+--------+
         Total |   3942 |   3829 |    113 |    326 |   3090 |   4 |  985.5 |
       Dungeon |   3942 |   3829 |    113 |    326 |   3090 |   4 |  985.5 |
               +--------+--------+--------+--------+--------+-----+--------+

Top non-repeatable levels by time:
     D:1: 1258 daAuts
     D:3: 1086 daAuts
     D:4: 902 daAuts
     D:2: 695 daAuts
